 Dungeon Crawl Stone Soup version 0.31-a0-1496-g79c7dd0eeb (webtiles) character file.

Game seed: 2497800822847708367

22041 Flugkiller the Thaumaturge (level 12, -3/82 HPs)
             Began as an Octopode Alchemist on Dec 30, 2023.
             Was a Believer of Ashenzari.
             Killed from afar by an acid dragon (28 damage)
             ... with a splash of acid
             ... on level 11 of the Dungeon.
             The game lasted 00:33:40 (7568 turns).

Flugkiller the Thaumaturge (Octopode Alchemist)     Turns: 7568, Time: 00:33:40

Health: -3/82      AC:  5    Str:  7    XL:     12   Next: 96%
Magic:  27/38      EV: 18    Int: 20    God:    Ashenzari [**....]
Gold:   434        SH:  9    Dex: 15    Spells: 6/38 levels left

rFire   . . .        z - +4 short sword "Restrained Seeker" {Comp, Dev} (curse)
rCold   . . .        (no shield)
rNeg    . . .        (helmet restricted)
rPois   .            s - amulet "Share My Apathy" {Reflect SH+5, Self, Bglg} (curse)
rElec   .            i - ring of the Astral Oblivion {SInv, Self, Bglg} (curse)
rCorr   .            c - ring of Ashenzari's Sybil {Fly, Comp, Elem} (curse)
SInv    +            p - ring of the Profound Free Will {AC+4, Dev, Self} (curse)
Will    +....        e - ring of magical power
Stlth   +++          m - ring of willpower
HPRegen 0.33/turn    (no ring)
MPRegen 0.26/turn    (no ring)
                     (no ring)

%: reflection
@: radiating poison, flying
A: almost no armour, amphibious, 8 rings, camouflage 1, gelatinous body 1,
(nimble swimmer 1), tentacles, large bone plates 1
a: Renounce Religion, Curse Item, Shatter the Chains


You were on level 11 of the Dungeon.
You worshipped Ashenzari.
Ashenzari was pleased with you.
You visited 3 branches of the dungeon, and saw 14 of its levels.

You collected 1711 gold pieces.
You spent 1277 gold pieces at shops.

Inventory:

Hand Weapons
 z - the cursed +4 short sword "Restrained Seeker" (weapon) {Comp, Dev}
   (You took it off an orc high priest on level 1 of the Orcish Mines)

   It has a curse which improves the following skills: Companions: Summonings
   and Necromancy.
   Devices:   Evocations and Shapeshifting.
Missiles
 w - a throwing net
 C - 5 curare-tipped darts
Jewellery
 c - the cursed ring of Ashenzari's Sybil (right tentacle) {Fly, Comp, Elem}
   (You found it on level 5 of the Dungeon)

   [ring of flight]

   Fly:       It grants you flight.
   It has a curse which improves the following skills: Companions: Summonings
   and Necromancy.
   Elements:  Fire Magic, Ice Magic, Air Magic and Earth Magic.
 e - a ring of magical power (on tentacle)
   (You found it on level 10 of the Dungeon)
 i - the cursed ring of the Astral Oblivion (left tentacle) {SInv, Self, Bglg}
   (You found it on level 1 of the Dungeon)

   [ring of see invisible]

   SInv:      It lets you see invisible.
   It has a curse which improves the following skills: Introspection: Fighting
   and Spellcasting.
   Beguiling: Hexes and Translocations.
 m - a ring of willpower (on tentacle)
   (You found it on level 10 of the Dungeon)
 p - the cursed ring of the Profound Free Will (on tentacle) {AC+4, Dev, Self}
   (You found it on level 6 of the Dungeon)

   [ring of protection]

   AC+4:      It affects your AC (+4).
   It has a curse which improves the following skills: Devices: Evocations and
   Shapeshifting.
   Introspection: Fighting and Spellcasting.
 s - the cursed amulet "Share My Apathy" (around mantle) {Reflect SH+5, Self, Bglg}
   (You found it on level 6 of the Dungeon)

   [amulet of reflection]

   Reflect:   It reflects blocked missile attacks.
   SH+5:      It affects your SH (+5).
   It has a curse which improves the following skills: Introspection: Fighting
   and Spellcasting.
   Beguiling: Hexes and Translocations.
Talismans
 k - a maw talisman
   (You found it on level 2 of the Dungeon)
Wands
 u - a wand of flame (5)
   (You found it on level 6 of the Dungeon)
Scrolls
 b - a scroll of vulnerability
 g - 2 scrolls of poison
 j - 3 scrolls of immolation
 r - 2 scrolls of identify
 t - 4 scrolls of teleportation
 v - a scroll of enchant armour
 y - 3 scrolls of enchant weapon
 A - a scroll of torment
 D - a scroll of revelation
 E - a scroll of fear
Potions
 a - a potion of magic
 d - a potion of might
 f - 2 potions of mutation
 h - a potion of haste
 l - a potion of degeneration
 n - a potion of resistance
 o - 2 potions of enlightenment
 q - 2 potions of curing
 x - 2 potions of lignification
 B - a potion of brilliance
Miscellaneous
 G - a phantom mirror
   (You found it on level 11 of the Dungeon)


   Skills:
 - Level 5.7(8.0) Fighting
 - Level 10.0 Dodging
 - Level 2.6 Stealth
 + Level 11.5(13.8) Spellcasting
 - Level 6.0 Conjurations
 + Level 4.2(5.3) Fire Magic
 - Level 7.3(8.5) Ice Magic
 + Level 8.5 Alchemy
 - Level 4.5(6.1) Evocations


You had 6 spell levels left.
You knew the following spells:

 Your Spells              Type           Power      Damage    Failure   Level
a - Sting                 Conj/Alch      100%       1d9       1%          1
b - Olgreb's Toxic Radia  Alch           48%        N/A       1%          4
c - Ignite Poison         Fire/Alch      41%        N/A       2%          4
d - Sticky Flame          Fire/Alch      41%        2d8       2%          4
e - Frozen Ramparts       Ice            94%        1d15      1%          3
f - Freezing Cloud        Conj/Ice/Air   16%        6-21      19%         5
g - Eringya's Noxious Bo  Alch           24%        4d6       22%         6
i - Irradiate             Conj/Alch      21%        3d18      7%          5

Your spell library contained the following spells:

 Spells                   Type           Power      Damage    Failure   Level
 Mercury Vapours          Alch/Air       62%        N/A       1%          2
 Mephitic Cloud           Conj/Alch/Air  33%        N/A       1%          3
 Cigotuvi's Dreadful Rot  Necr/Alch/Air  50%        N/A       2%          2
 Alistair's Intoxication  Alch           32%        N/A       3%          5
 Sandblast                Erth           28%        2d8       4%          1
 Inner Flame              Hex/Fire       24%        N/A       4%          3
 Stone Arrow              Conj/Erth      52%        3d10      4%          3
 Leda's Liquefaction      Alch/Erth      15%        N/A       8%          4
 Petrify                  Alch/Erth      31%        N/A       8%          4
 Brom's Barrelling Bould  Conj/Erth      26%        2d5       13%         4
 Passwall                 Erth           14%        N/A       14%         3
 Metabolic Englaciation   Hex/Ice        15%        N/A       22%         5
 Arcjolt                  Conj/Air       13%        1d23      36%         5
 Vhi's Electric Charge    Tloc/Air       28%        N/A       41%         4
 Borgnjor's Vile Clutch   Necr/Erth      7%         N/A       77%         5
 Plasma Beam              Fire/Air       12%        2x1d23    93%         6
 Ignition                 Fire           17%        3d7       100%        8


Dungeon Overview and Level Annotations

Branches:
Dungeon (11/15) Zot: 26683  Temple (1/1) D:7 Zot: 5962     Orc (2/2) D:9 Zot: 8474
    Elf (0/3) Orc:2
   Lair: D:8-11

Altars:
Ashenzari
Cheibriados
Dithmenos
Elyvilon
Fedhas
Hepliaklqana
Kikubaaqudgha
Okawaru
Qazlal
Ru
Trog
Uskayaw
Vehumet
Wu Jian
Xom
Yredelemnul
Zin
The Shining One

Shops:
Orc:2 :**!:

Annotations:
D:6 exclusion: wight
D:9 2 transporters, Vorhees's ghost, journeyman OnGl
D:11 Erolcha


Innate Abilities, Weirdness & Mutations

You cannot wear most types of armour.
You are amphibious.
You can wear up to eight rings at the same time.
Your skin changes colour to match your surroundings (Stealth+).
Your rubbery body absorbs attacks. (AC +1, EV +1)
((You are camouflaged when in or above water. (Stealth+)))
You have tentacles for arms and can constrict up to eight enemies at once.
You are partially covered in large bone plates. (SH +4)


Message History

The vampire resists.
The wall freezes the vampire.
The vampire draws life force from you!
The vampire is healed by the life force!
You hit the vampire.
You tentacle-slap the vampire, but do no damage.
Your squeeze misses the vampire.
The vampire is almost destroyed.
You constrict the vampire, but do no damage.
The wall freezes the vampire but does no damage.
The vampire gestures wildly while chanting.
The vampire flickers and vanishes for a moment.
You hit the vampire but do no damage.
The vampire is almost destroyed.
You constrict the vampire, but do no damage.
The vampire resists.
The wall freezes the vampire.
You block the vampire's attack. The vampire closely misses you.
You hit the vampire but do no damage.
The vampire is almost destroyed.
You constrict the vampire, but do no damage.
The vampire resists.
The wall freezes the vampire.
The vampire draws life force from you!
The vampire is healed by the life force!
You hit the vampire but do no damage. You squeeze the vampire.
The vampire is severely damaged.
You constrict the vampire.
The vampire resists.
The wall freezes the vampire.
The vampire misses you. You block the vampire's attack.
You hit the vampire.
You destroy the vampire!
The frozen ramparts melt away as you move.
You now have 434 gold pieces (gained 21).
Ashenzari invites you to partake of a vision and a curse of melee combat and companions.
Okay, then.
Search for what [Enter for "."]? summon Unknown command.
Found a scroll of identify.
An acid dragon comes into view.
The acid dragon moves out of view. 2 yaks come into view.
You see here a scroll of identify.
r - 2 scrolls of identify (gained 1) Unknown command.
A yak comes into view.
Casting: Frozen Ramparts (safe; 1% risk of failure)
Confirm with . or Enter, or press ? or * to list all spells.
You begin to radiate toxic energy.
The yak bellows!
The yak is poisoned.
The yak bellows!
The yak is poisoned. x2; The yak looks even sicker. x2
A yak comes into view.
A yak comes into view.
A two-headed ogre comes into view.
It is wielding a +0 giant club and a +0 dire flail.
The two-headed ogre shouts in stereo!
The two-headed ogre is poisoned.
The yak is poisoned.
The yak looks even sicker. x2
The yak bellows!
The yak is poisoned.
Casting: Olgreb's Toxic Radiance (dangerous; 1% risk of failure)
Confirm with . or Enter, or press ? or * to list all spells.
Your toxic radiance grows in intensity.
The two-headed ogre looks even sicker.
The yak looks even sicker. x3; The two-headed ogre looks even sicker.
The yak looks even sicker.
The yak looks as sick as possible! x2
The yak looks even sicker.
The acid dragon spits acid at you. The splash of acid hits you!!
* * * LOW HITPOINT WARNING * * *
Unknown command.
Casting: Olgreb's Toxic Radiance (dangerous; 1% risk of failure)
Confirm with . or Enter, or press ? or * to list all spells.
You ignite the poison in your surroundings!
The yak seems to burn from within!!!
You kill the yak!
The yak seems to burn from within!!!
You kill the yak!
The yak seems to burn from within!!!
You kill the yak!
The two-headed ogre seems to burn from within!!!
The two-headed ogre is almost dead.
The yak seems to burn from within!
The yak is heavily wounded.
The yak seems to burn from within!!
You kill the yak!
The two-headed ogre is poisoned.
The yak is poisoned.
Unknown command.
Aiming: Bolt of Light
Press: ? - help, Shift-Dir - straight line, f - acid dragon
Aim: an acid dragon (74% to hit)
The bolt of light misses the acid dragon.
The two-headed ogre looks even sicker.
Okay, then.
Aiming: Bolt of Light
Press: ? - help, Shift-Dir - straight line, f/p - acid dragon
Aim: an acid dragon (74% to hit)
The bolt of light misses the acid dragon.
The now-empty wand crumbles to dust.
You kill the two-headed ogre!
The yak looks even sicker.
The acid dragon spits acid at you. The splash of acid hits you!!
You die...

........# ........#
........# ........#
........# ........#
....).Y.#######
.......@.D....########
............#........#
........###.########.###
#....#### #..# #....
#.... ##.# ####. #... D#
##### ## #.. ..
......### ###
............ #.......


You could see a yak (very poisoned) and an acid dragon (catching breath).

Vanquished Creatures
  An ettin (Orc:2)
  3 two-headed ogres
  5 orc high priests
  Lodul (D:11)
  Pikel (D:6)
  2 orc knights
  2 orc sorcerers (Orc:2)
  2 kobold blastminers (Orc:1)
  An unseen horror (D:11)
  Joseph (D:9)
  A rime drake (Orc:2)
  2 kobold demonologists
  3 polar bears (Orc:2)
  3 trolls
  2 hornets
  A wraith (D:9)
  A vampire (D:11)
  A wyvern (D:9)
  19 yaks
  2 wargs
  A steam dragon (D:9)
  An acid dragon (D:10)
  2 water moccasins
  An ice beast (D:7)
  19 orc warriors
  A black bear (D:6)
  16 ogres
  2 sky beasts (D:6)
  3 wolves (Orc:2)
  3 lemures (D:6)
  2 phantoms
  13 kobold brigands
  3 bullfrogs (D:7)
  A scorpion (D:6)
  4 wights (D:10)
  4 howler monkeys
  26 orc priests
  A hound (D:7)
  A gnoll bouda (D:5)
  An iguana (D:6)
  20 orc wizards
  Robin (D:2)
  4 adders
  A shadow imp (D:6)
  A white imp (D:6)
  4 ufetubi
  4 dart slugs
  58 orcs
  7 ball pythons
  2 endoplasms (D:1)
  11 goblins (D:2)
  10 hobgoblins
  4 jackals (D:1)
  12 kobolds
  2 quokkas (D:1)
  A bat (D:2)
  2 frilled lizards
  4 rats
307 creatures vanquished.

Vanquished Creatures (collateral kills)
  A yak (D:8)
  An orc priest (Orc:2)
  2 gnolls (D:5)
  A shadow imp (D:5)
5 creatures vanquished.

Vanquished Creatures (others)
  An orc warrior (Orc:2)
1 creature vanquished.

Grand Total: 313 creatures vanquished

Notes
Turn   | Place    | Note
-------+----------+-------------------------------------------
     0 | D:1      | Flugkiller the Octopode Alchemist began the quest for the
                  | Orb.
     0 | D:1      | Reached XP level 1. HP: 11/11 MP: 3/3
   160 | D:1      | Reached XP level 2. HP: 17/17 MP: 3/5
   355 | D:2      | Noticed Robin
   467 | D:2      | Reached XP level 3. HP: 21/21 MP: 3/6
   650 | D:2      | Reached skill level 3 in Spellcasting
   663 | D:2      | Reached XP level 4. HP: 5/27 MP: 2/8
   667 | D:2      | Killed Robin
   749 | D:3      | Learned a level 4 spell: Olgreb's Toxic Radiance
   961 | D:4      | Noticed an ogre
  1045 | D:5      | Entered Level 5 of the Dungeon
  1077 | D:5      | Reached XP level 5. HP: 21/31 MP: 6/10
  1100 | D:5      | Reached skill level 5 in Alchemy
  1246 | D:6      | Noticed a sky beast
  1261 | D:6      | Killed a sky beast
  1262 | D:6      | Reached skill level 4 in Spellcasting
  1262 | D:6      | Reached XP level 6. HP: 28/36 MP: 1/12
  1380 | D:5      | HP: 1/36 [ogre/+0 giant club (16)]
  1419 | D:5      | Noticed an ice beast
  1513 | D:5      | Reached XP level 7. HP: 40/41 MP: 2/13
  1768 | D:6      | Reached skill level 1 in Fighting
  1768 | D:6      | Reached skill level 1 in Fire Magic
  1783 | D:6      | Learned a level 4 spell: Ignite Poison
  1788 | D:6      | Learned a level 4 spell: Sticky Flame
  1837 | D:6      | Reached XP level 8. HP: 46/50 MP: 5/14
  1980 | D:6      | Noticed Pikel
  1992 | D:6      | Killed Pikel
  1993 | D:6      | Reached skill level 5 in Spellcasting
  2066 | D:7      | Reached skill level 6 in Spellcasting
  2079 | D:7      | Reached XP level 9. HP: 39/55 MP: 6/18
  2124 | D:7      | Noticed a hornet
  2128 | D:7      | Killed a hornet
  2129 | D:7      | Noticed a troll
  2134 | D:7      | Reached skill level 7 in Spellcasting
  2165 | D:7      | Found a staircase to the Ecumenical Temple.
  2176 | Temple   | Entered the Ecumenical Temple
  2201 | Temple   | Became a worshipper of Ashenzari the Shackled
  2508 | D:8      | Noticed a two-headed ogre
  2509 | D:8      | Reached skill level 8 in Spellcasting
  2509 | D:8      | Reached skill level 1 in Ice Magic
  2549 | D:8      | Learned a level 3 spell: Frozen Ramparts
  2693 | D:7      | Killed a troll
  2804 | D:8      | Killed a two-headed ogre
  2805 | D:8      | Reached skill level 9 in Spellcasting
  2805 | D:8      | Reached XP level 10. HP: 22/63 MP: 5/23
  2982 | D:9      | Noticed a cyclops
  2985 | D:9      | Noticed a two-headed ogre
  2993 | D:9      | Noticed Vorhees's ghost (journeyman OnGl)
  2994 | D:9      | Killed a two-headed ogre
  2995 | D:9      | Reached * piety under Ashenzari
  3029 | D:9      | Reached skill level 10 in Spellcasting
  3052 | D:9      | Found a transporter.
  3055 | D:9      | Found a transporter.
  3119 | D:9      | Noticed Joseph
  3125 | D:9      | Killed Joseph
  3141 | D:9      | Found a staircase to the Orcish Mines.
  3150 | Orc:1    | Entered Level 1 of the Orcish Mines
  3316 | Orc:1    | Noticed an orc high priest
  3403 | Orc:1    | Learned a level 5 spell: Freezing Cloud
  3413 | Orc:2    | Entered Level 2 of the Orcish Mines
  3413 | Orc:2    | Noticed an orc knight
  3418 | Orc:2    | Killed an orc knight
  3419 | Orc:2    | Reached skill level 5 in Conjurations
  3419 | Orc:2    | Reached skill level 5 in Ice Magic
  3419 | Orc:2    | Reached XP level 11. HP: 46/71 MP: 8/26
  3557 | Orc:1    | Noticed an orc knight
  3563 | Orc:1    | Killed an orc knight
  3752 | Orc:2    | Found Pefih's Vocational Training.
  3761 | Orc:2    | Noticed an ettin
  3775 | Orc:2    | Killed an ettin
  3837 | Orc:2    | Reached skill level 1 in Evocations
  4054 | Orc:1    | Reached ** piety under Ashenzari
  4255 | Orc:2    | Found a staircase to the Elven Halls.
  4326 | Orc:2    | Reached skill level 5 in Dodging
  4350 | Orc:2    | Noticed an orc high priest
  4361 | Orc:2    | Killed an orc high priest
  4492 | Orc:1    | Gained mutation: You are frail. (-10% HP) [a neqoxec]
  4500 | Orc:1    | Lost mutation: You are frail. (-10% HP) [potion of
                  | mutation]
  4500 | Orc:1    | Gained mutation: You have a pair of small antennae on your
                  | head. [potion of mutation]
  4500 | Orc:1    | Lost mutation: You have a pair of small antennae on your
                  | head. [potion of mutation]
  4500 | Orc:1    | Gained mutation: You are partially covered in large bone
                  | plates. (SH +4) [potion of mutation]
  4810 | Orc:2    | Noticed an orc sorcerer
  4816 | Orc:2    | Killed an orc sorcerer
  4819 | Orc:2    | Noticed an orc high priest
  5126 | Orc:1    | Killed an orc high priest
  5127 | Orc:1    | Reached XP level 12. HP: 42/79 MP: 8/29
  5317 | Orc:2    | Killed an orc high priest
  5494 | Orc:2    | Noticed an orc high priest
  5500 | Orc:2    | Killed an orc high priest
  5682 | Orc:2    | Noticed an orc high priest
  5688 | Orc:2    | Killed an orc high priest
  5895 | Orc:2    | Reached skill level 10 in Dodging
  6041 | Orc:2    | Found Jiowiasa's General Store.
  6041 | Orc:2    | Found Hahaog's Book Emporium.
  6042 | Orc:2    | Found Vusmis's Distillery.
  6045 | Orc:2    | Found Pourei's Assorted Antiques.
  6051 | Orc:2    | Bought a scroll labelled GUNNYSM HUCYUB for 33 gold pieces
  6051 | Orc:2    | Bought a bubbling clear potion for 29 gold pieces
  6052 | Orc:2    | Bought a potion of heal wounds for 75 gold pieces
  6227 | Orc:2    | Bought a book of Spontaneous Combustion for 570 gold pieces
  6460 | D:10     | Entered Level 10 of the Dungeon
  6488 | D:10     | Reached skill level 11 in Spellcasting
  6492 | D:10     | Noticed a six-headed hydra
  6492 | D:10     | Noticed a five-headed hydra
  6757 | D:9      | HP: 5/120 [wraith (5)]
  7209 | D:11     | Reached skill level 5 in Fighting
  7236 | D:11     | Noticed Lodul
  7244 | D:11     | Killed Lodul
  7278 | D:11     | Noticed Erolcha
  7305 | D:10     | Learned a level 5 spell: Irradiate
  7461 | Orc:2    | Bought Great Wizards, Vol. II for 570 gold pieces
  7468 | Orc:2    | Learned a level 6 spell: Eringya's Noxious Bog
  7564 | D:11     | Noticed a two-headed ogre
  7568 | D:11     | Killed a two-headed ogre
  7568 | D:11     | Killed from afar by an acid dragon

Illustrated notes

Levels and vault maps discovered:
D:1:      minmay_arrival_solitary_statue, layout_rooms, patterned_corridor
D:2:      layout_basic, uniq_robin
D:3:      cheibrodos_pilgrimage, layout_loops_corners,
          shapermc_ecumenical_altar_notcrosses, dk_vineyard_2
D:4:      layout_basic
D:5:      layout_loops_corners, nicolae_overflow_hidden_temple,
          uniq_crazy_yiuf_cottage
D:6:      layout_loops_ring, uniq_pikel
D:7:      layout_basic, minmay_temple_entry_ruins,
          hangedman_abyss_or_decor_stabs, kennysheep_doodads
D:8:      layout_loops_cross, grunt_gozag_breadcrumbs, wad_mini_maze
D:9:      layout_small_grid, orc_0_dummy, gammafunk_ghost_arena,
          grunt_ministairs_3, uniq_joseph
D:10:     layout_roguey, statue_in_the_mist_lemuel, lightli_corner_chamber
D:11:     layout_rooms, lair_entry_dummy, uniq_lodul, uniq_erolcha
Temple:   mainiacjoe_temple_coin_purse
Orc:1:    layout_caves, special_room [special_room_kobold],
          regret_index_minedec_shroomtown_chain, nicolae_orc_rockfall
Orc:2:    st_orc_mages, layout_caves, portal_ice_cave_entry_animals_and_master,
          nicolae_shop_vocational

Skill      XL: |  1  2  3  4  5  6  7  8  9 10 11 12 |
---------------+-------------------------------------+-----
Alchemy        | 4 6 7 8 |  8.5
Spellcasting   | 3 4 6 9 10 11 | 11.5
Fighting       | 2 4 5 |  5.7
Fire Magic     | 2 4 |  4.2
Conjurations   | 4 5 6 |  6.0
Ice Magic      | 3 5 7 |  7.3
Evocations     | 2 4 |  4.5
Dodging        | 7 10 | 10.0
Stealth        | |  2.6

Action                     |  1- 3 |  4- 6 |  7- 9 | 10-12 || total
---------------------------+-------+-------+-------+-------++-------
  Melee: Long sword        |    40 |    16 |       |       ||    56
         Tentacles         |     8 |     5 |    23 |    38 ||    74
         Unarmed           |     1 |       |       |       ||     1
         Constrict         |    13 |     8 |    13 |    34 ||    68
         Rapier            |       |     9 |    93 |    64 ||   166
         Punch             |       |       |     3 |     7 ||    10
         Short sword       |       |       |       |   124 ||   124
   Cast: Sting             |    35 |    34 |    29 |    13 ||   111
         Olgreb's Toxic Ra |       |     4 |    17 |    93 ||   114
         Ignite Poison     |       |       |     6 |    38 ||    44
         Frozen Ramparts   |       |       |     1 |     4 ||     5
         Sticky Flame      |       |       |       |     3 ||     3
         Freezing Cloud    |       |       |       |     1 ||     1
 Invoke: Curse Item        |       |       |     1 |     4 ||     5
  Evoke: Wand              |       |     4 |     2 |     8 ||    14
    Use: Potion            |     3 |       |       |     9 ||    12
         Scroll            |       |     5 |     4 |     2 ||    11
   Stab: Invisible         |       |     1 |       |       ||     1
         Sleeping          |       |     1 |     3 |       ||     4
         Distracted        |       |       |       |     1 ||     1
 Armour: Skin              |    26 |    19 |    64 |   140 ||   249
  Dodge: Dodged            |    38 |    21 |    60 |   110 ||   229
  Block: Other             |       |       |    16 |    68 ||    84
         Reflection        |       |       |       |     5 ||     5

Table legend: (Time is in decaauts)
 A = Elapsed time spent in this place.
 B = Non-inter-level travel time spent in this place.
 C = Inter-level travel time spent in this place.
 D = Time resting spent in this place.
 E = Time spent auto-exploring this place.
 F = Levels seen in this place.
 G = Mean time per level.
                   A        B        C        D        E       F      G
               +--------+--------+--------+--------+--------+-----+--------+
         Total |   7659 |   6941 |    718 |   1133 |    895 |  14 |  547.1 |
       Dungeon |   4095 |   3545 |    550 |      3 |      3 |  11 |  372.3 |
        Temple |     37 |     29 |      8 |      0 |      0 |   1 |   37.0 |
  Orcish Mines |   3525 |   3365 |    160 |   1130 |    892 |   2 | 1762.5 |
               +--------+--------+--------+--------+--------+-----+--------+

Top non-repeatable levels by time:
   Orc:1: 2002 daAuts
   Orc:2: 1523 daAuts
     D:9: 528 daAuts
     D:6: 525 daAuts
     D:8: 505 daAuts
     D:5: 493 daAuts
    D:10: 468 daAuts
     D:1: 419 daAuts
     D:7: 379 daAuts
     D:2: 276 daAuts
     D:4: 196 daAuts
     D:3: 154 daAuts
    D:11: 148 daAuts
  Temple: 37 daAuts
